AoeStats
← Bad Teddy

Arabia

510272168Analyzed
1v1 RM · 1d ago on Sep 30, 2026· 41m 45s· 2 players
Game mode
Random Map
Map size
Tiny (2 player)
Population
200
Speed
Normal
Resources
Standard
Victory
Conquest
Starting age
Dark Age
Ending age
Imperial Age
RankedLock teamsTeams togetherTeam positionsShared explorationLock speedFull tech treeHidden civsTurbo modeCheats
Victory
Defeat
🇻🇳 Mongols · Vietnam
1168
+16
🇨🇳 Chinese · China
1176
-16
Bad Teddy
1:53 Loom
4:42 Loom
8:31 Feudal Age
9:08 Double-Bit Axe
9:32 Loom
10:28 Horse Collar
11:34 Bloodlines
18:49 Castle Age
17:39 Fletching
19:51 Bow Saw
20:04 Scale Barding Armor
21:27 Elite Skirmisher
23:44 Chain Barding Armor
29:12 Ballistics
29:01 Husbandry
29:38 Gold Mining
29:51 Heavy Plow
31:01 Forging
33:51 Iron Casting
35:15 Wheelbarrow
37:57 Stone Mining
40:11 Hand Cart
40:50 Bodkin Arrow
联通专业户
0:27 Loom
9:21 Feudal Age
9:49 Double-Bit Axe
13:03 Horse Collar
15:52 Fletching
17:29 Gold Mining
21:16 Castle Age
20:18 Padded Archer Armor
20:19 Scale Mail Armor
21:28 Crossbowman
22:08 Bodkin Arrow
22:31 Bow Saw
22:38 Thumb Ring
23:49 Leather Archer Armor
24:35 Wheelbarrow
29:48 Hand Cart
29:24 Pikeman
32:37 Stone Mining
33:22 Gold Shaft Mining
39:43 Imperial Age
38:40 Town Watch
Connection lost

Rejoining the realm…

Still unreachable

The connection could not be restored.

Session expired

The server has moved on; the page needs a fresh start.